 Dungeon Crawl Stone Soup version 0.17.2-1-ge4368a0 (webtiles) character file.

133 Goblin1989 the Insei (level 4, -7/36 HPs)
             Began as a Draconian Transmuter on Dec 10, 2016.
             Killed from afar by an orc wizard (9 damage)
             ... with a magic dart
             ... on level 3 of the Dungeon.
             The game lasted 00:05:12 (1735 turns).

Goblin1989 the Insei (Draconian Transmuter)         Turns: 1735, Time: 00:05:12

Health: -7/36      AC:  6    Str: 12    XL:     4   Next: 93%
Magic:  7/7        EV: 12    Int: 14    God:
Gold:   120        SH:  0    Dex: 12    Spells: 1 memorised, 6 levels left

rFire  . . .     SeeInvis .       - Unarmed
rCold  . . .     Clarity  .     (armour unavailable)
rNeg   . . .     SustAt   .     (no shield)
rPois  .         Gourm    .     (helmet restricted)
rElec  .         Spirit   .     (no cloak)
rCorr  .         Warding  .     (no gloves)
rMut   .         Stasis   .     i - +0 pair of boots
MR     .....                    (no amulet)
Stlth  +.........               (no ring)
                                (no ring)

@: not resistant to hostile enchantments, very unstealthy
A: unfitting armour, cold-blooded, AC +5
a: no special abilities


You were on level 3 of the Dungeon.
You were not hungry.

You visited 1 branch of the dungeon, and saw 3 of its levels.

You collected 120 gold pieces.

Inventory:

Missiles
 a - 12 arrows
 u - 14 arrows of frost
Armour
 i - a +0 pair of boots (worn)
Jewellery
 r - an amulet of clarity {unknown}
 y - an amulet of rage {unknown}
Scrolls
 f - a scroll of immolation {unknown}
 n - a scroll of recharging {unknown}
 o - 2 scrolls of identify {unknown}
 q - a scroll of magic mapping {unknown}
 s - 2 scrolls of fog {unknown}
 v - a scroll of noise {unknown}
Potions
 e - a potion of haste {unknown}
 g - a potion of lignification {unknown}
 j - a potion of degeneration {unknown}
 k - a potion of flight {unknown}
 l - a potion of curing {unknown}
 m - a potion of might {unknown}
 p - a potion of heal wounds {unknown}
 t - a potion of magic {unknown}
 x - a potion of agility {unknown}
Books
 b - a book of Changes

   Spells                             Type                      Level
   a - Beastly Appendage              Transmutation                1
   b - Sticks to Snakes               Transmutation                2
   c - Spider Form                    Transmutation/Poison         3
   d - Ice Form                       Ice/Transmutation            4
   e - Blade Hands                    Transmutation                5
Comestibles
 c - 2 bread rations {@e1}
 d - 4 fruits
 h - a beef jerky


   Skills:
 + Level 1.9 Fighting
 + Level 2.1 Dodging
 * Level 4.9 Unarmed Combat
 + Level 2.2 Spellcasting
 + Level 2.4 Transmutations


You had 6 spell levels left.
You knew the following spells:

 Your Spells              Type           Power        Failure   Level  Hunger
a - Beastly Appendage     Trmt           #.....       12%         1    #......


Dungeon Overview and Level Annotations

Branches:
Dungeon (3/15)

Altars:
Yredelemnul


Innate Abilities, Weirdness & Mutations

Your plain brown scales are hard (AC +5).
Your body does not fit into most forms of armour.
You are cold-blooded and may be slowed by cold attacks.


Message History

You closely miss the orc wizard.
The orc wizard is severely wounded.
The orc wizard points at you and mumbles some strange words.
You resist with some effort. The orc barely misses you.
The orc wizard hits you but does no damage.
You barely miss the orc. The orc wizard hits you with a dagger.
* * * LOW HITPOINT WARNING * * *
The orc hits you.
* * * LOW HITPOINT WARNING * * *
You take 6 damage, and have 4/36 hp.
You closely miss the orc. The orc wizard hits you with a dagger.
* * * LOW HITPOINT WARNING * * *
The orc closely misses you. The orc wizard misses you.
You take 3 damage, and have 1/36 hp.
You punch the orc!
You kill the orc!
The orc wizard hits you but does no damage.
The orc wizard casts a spell at you. The magic dart hits you!
You die...

███ ███ ██.. ..█
█ ██..█ █.█.█
████...██ █.█.
..%.... █..
█...█ █.█
█..█████@█
█.?.ooo..█
█.███s████
█.███.███████
███...........█
█.......█████...
█.█████.█ █.█
█.█


You could see a scorpion, an orc wizard and 2 orcs.

Vanquished Creatures
  An orc wizard (D:3)
  Ijyb (D:3)
  2 adders (D:2)
  An ooze (D:1)
  A worm (D:2)
  A giant gecko (D:1)
  2 orcs (D:3)
  9 bats
  2 giant cockroaches
  2 goblins
  7 hobgoblins
  2 quokkas (D:3)
  A ball python (D:1)
  A giant newt (D:3)
  11 kobolds
  5 rats
49 creatures vanquished.

Notes
Turn   | Place    | Note
--------------------------------------------------------------
     0 | D:1      | Goblin1989 the Draconian Transmuter began the quest for the Orb.
     0 | D:1      | Reached XP level 1. HP: 16/16 MP: 3/3
   367 | D:1      | Reached XP level 2. HP: 21/23 MP: 5/5
   555 | D:1      | Reached skill level 4 in Unarmed Combat
   826 | D:2      | Reached XP level 3. HP: 26/28 MP: 6/6
  1217 | D:2      | Found a basalt altar of Yredelemnul.
  1480 | D:3      | Noticed Ijyb
  1499 | D:3      | Killed Ijyb
  1499 | D:3      | Reached XP level 4. HP: 24/36 MP: 7/7
  1708 | D:3      | Noticed a scorpion
  1733 | D:3      | HP: 1/36 [orc wizard/dagger (3)]
  1735 | D:3      | Killed from afar by an orc wizard

Action                   |  1- 3 |  4- 6 || total
-------------------------+-------+-------++-------
Melee: Unarmed           |   146 |    48 ||   194
 Cast: Beastly Appendage |     2 |     1 ||     3
 Stab: Sleeping          |     3 |       ||     3
  Eat: Chunk             |     1 |     2 ||     3

Vault maps used:
D:1:      dpeg_arrival_long_road
D:2:      nicolae_overflow_hidden_temple, hex_large
D:3:      kennysheep_generic_room_16, uniq_iyjb
